 Dungeon Crawl Stone Soup version 0.31-a0-978-g1e143483b6 (webtiles) character file.

Game seed: 12939791450380959928

55 Kuronicle the Trooper (level 3, -2/29 HPs)
             Began as a Demonspawn Fighter on Oct 30, 2023.
             Slain by a goblin
             ... wielding a +0 dagger
             ... led by Robin
              (5 damage)
             ... on level 2 of the Dungeon.
             The game lasted 00:03:41 (1160 turns).

Kuronicle the Trooper (Demonspawn Fighter)          Turns: 1160, Time: 00:03:41

Health: -2/29      AC:  6    Str: 16    XL:     3   Next: 67%
Magic:  3/3        EV:  9    Int:  9    God:
Gold:   107        SH:  5    Dex: 14    Spells: 2/2 levels left

rFire   . .          .
                       - Unarmed
rCold   . . .        b - +0 buckler
rNeg    . . .        a - +0 scale mail
rPois   .            (no helmet)
rElec   .            (no cloak)
rCorr   .            (no gloves)
SInv    .            (no boots)
Will    .....        (no amulet) Stlth
                     (no ring)
HPRegen 0.24/turn    (no ring)
MPRegen 0.08/turn

%: no passive effects
@: no status effects
A: ignite blood 2
a: no special abilities


You were on level 2 of the Dungeon.
You visited 1 branch of the dungeon, and saw 2 of its levels.

You collected 107 gold pieces.

Inventory:

Armour
 a - a +0 scale mail (worn)
 b - a +0 buckler (worn)
 g - the +2 robe of a Hundred Emperors {*Corrode rC+++ rN+ Dex-4}
   (You found it on level 2 of the Dungeon)

   Dex-4:     It affects your dexterity (-4).
   rC+++:     It renders you almost immune to cold.
   rN+:       It protects you from negative energy.
   *Corrode:  It may corrode you when you take damage.
Talismans
 e - a blade talisman
Scrolls
 h - a scroll of amnesia {unknown}
Potions
 c - a potion of might
 f - a potion of brilliance {unknown}


   Skills:
 + Level 3.5 Fighting
 + Level 3.0 Armour
 + Level 0.4 Dodging
 + Level 0.1 Stealth
 + Level 2.8 Shields
 + Level 2.4 Unarmed Combat
 * Level 0.5 Shapeshifting


You had 2 spell levels left.
You didn't know any spells.
Your spell library contained the following spells:

 Spells                   Type           Power      Damage    Failure   Level
 Call Canine Familiar     Summ           0%         N/A       99%         3
 Sigil of Binding         Hex            0%         N/A       99%         3
 Animate Dead             Necr           0%         N/A       100%        4
 Dimensional Bullseye     Hex/Tloc       0%         N/A       100%        4
 Leda's Liquefaction      Hex/Erth       0%         N/A       100%        4
 Borgnjor's Vile Clutch   Necr/Erth      0%         N/A       100%        5
 Death Channel            Necr           0%         N/A       100%        6


Dungeon Overview and Level Annotations

Branches:
Dungeon (2/15)

Altars:

Annotations:
D:2 Robin


Innate Abilities, Weirdness & Mutations

Your demonic aura often causes spilled blood to erupt in flames.


Message History

The quokka closely misses you. The goblin completely misses you.
The quokka closely misses you.
You hit the quokka.
You kill the quokka!
The goblin no longer looks unusually strong. x2
The goblin barely misses you.
Robin says, "We wiped out the hill dwarves - you're next!"
Robin roars a battlecry!
The goblins go into a battle-frenzy!
You hit the goblin.
You kill the goblin!
Robin throws the goblin at you! The hobgoblin hits you.
* * * LOW HITPOINT WARNING * * *
The goblin closely misses you.
You hit the hobgoblin.
The hobgoblin is moderately wounded.
The hobgoblin no longer looks unusually strong. x2
The hobgoblin hits you.
* * * LOW HITPOINT WARNING * * *
The goblin hits you but does no damage.
You closely miss the hobgoblin.
The hobgoblin is moderately wounded.
Robin roars a battlecry!
The hobgoblins go into a battle-frenzy!
The hobgoblin barely misses you. You block the goblin's attack.
You barely miss the hobgoblin.
The hobgoblin is moderately wounded.
The hobgoblin closely misses you. The goblin hits you but does no damage.
You hit the hobgoblin.
The hobgoblin is severely wounded.
The hobgoblin hits you.
* * * LOW HITPOINT WARNING * * *
You block the goblin's attack.
You hit the hobgoblin but do no damage.
The hobgoblin is severely wounded.
The hobgoblin hits you but does no damage.
You block the goblin's attack.
It was a potion of cancellation.
You feel magically purged. The hobgoblin barely misses you.
The goblin hits you with a +0 dagger.
You die...

### #.# #
.....# #.#
#########
.....# #.#
#.......#
.....# #.#
#.......#
#.....# #.#
#.......#
g.....# #.#
##.......#
......# #.#
..†......#
######g.....#
#.# .#.......#
##.g@gggg....#
#.# ##....>..#
##..######.####
#.# ##.......#
#..## #)#
#######.###.##
#.# ##.#...#
#.# #....###
#.# #..### #.#
#...# #.#
...#.# ##.
#######.#


You could see Robin, 4 hobgoblins and a goblin (strong).

Vanquished Creatures
  An adder (D:2)
  2 dart slugs (D:1)
  4 ball pythons
  2 bats (D:2)
  2 endoplasms (D:2)
  A giant cockroach (D:1)
  8 goblins
  7 hobgoblins
  A quokka (D:2)
  A frilled lizard (D:1)
  3 kobolds
  4 rats
36 creatures vanquished.

Notes
Turn   | Place    | Note
-------+----------+-------------------------------------------
     0 | D:1      | Kuronicle the Demonspawn Fighter began the quest for the
                  | Orb.
     0 | D:1      | Reached XP level 1. HP: 18/18 MP: 1/1
   128 | D:1      | Gained mutation: Your demonic aura sometimes causes spilled
                  | blood to erupt in flames. [demonic ancestry]
   128 | D:1      | Reached XP level 2. HP: 24/24 MP: 2/2
   874 | D:2      | Identified the +2 robe of a Hundred Emperors {*Corrode
                  | rC+++ rN+ Dex-4}
   980 | D:2      | Gained mutation: Your demonic aura often causes spilled
                  | blood to erupt in flames. [demonic ancestry]
   980 | D:2      | Reached XP level 3. HP: 22/29 MP: 3/3
  1114 | D:2      | Noticed Robin
  1160 | D:2      | Slain by a goblin

Illustrated notes

Levels and vault maps discovered:
D:1:      dpeg_arrival_court, layout_loops_ring
D:2:      layout_rooms, corexii_leaking_fountain, uniq_robin

Skill      XL: |  1  2  3 |
---------------+----------+-----
Unarmed Combat | 2 |  2.4
Armour         | 3 |  3.0
Fighting       | |  3.5
Dodging        | |  0.4
Stealth        | |  0.1
Shields        | |  2.8
Shapeshifting  | |  0.5

Action                     || total
---------------------------++-------
  Melee: Unarmed           ||   134
    Use: Potion            ||     1
 Armour: Scale mail        ||   109
  Dodge: Dodged            ||    55
  Block: Buckler           ||    32
         Form:             ||     1
         Blade             ||     1

Table legend: (Time is in decaauts)
 A = Elapsed time spent in this place.
 B = Non-inter-level travel time spent in this place.
 C = Inter-level travel time spent in this place.
 D = Time resting spent in this place.
 E = Time spent auto-exploring this place.
 F = Levels seen in this place.
 G = Mean time per level.
                   A        B        C        D        E       F      G
               +--------+--------+--------+--------+--------+-----+--------+
         Total |   1160 |   1148 |     12 |      0 |    901 |   2 |  580.0 |
       Dungeon |   1160 |   1148 |     12 |      0 |    901 |   2 |  580.0 |
               +--------+--------+--------+--------+--------+-----+--------+

Top non-repeatable levels by time:
     D:1: 687 daAuts
     D:2: 473 daAuts
